 Dungeon Crawl Stone Soup version 0.28.0 (webtiles) character file.

Game seed: 780529476697128401

476 funkygono the Firebug (level 7, -6/36 HPs)
             Began as a Gargoyle Fire Elementalist on Feb 14, 2022.
             Mangled by a killer bee (7 damage)
             ... on level 5 of the Dungeon.
             The game lasted 00:05:50 (4638 turns).

funkygono the Firebug (Gargoyle Fire Elementalist)  Turns: 4638, Time: 00:05:51

Health: -6/36      AC: 13    Str: 12    XL:     7   Next: 10%
Magic:  5/13       EV: 11    Int: 17    God:
Gold:   154        SH:  0    Dex: 10    Spells: 5/15 levels left

rFire   . . .      SeeInvis .   h - +0 whip
rCold   . . .      Faith    .   (no shield)
rNeg    + . .      Spirit   .   q - +3 leather armour
rPois   ∞          Reflect  .   (no helmet)
rElec   +          Harm     .   (no cloak)
rCorr   .          Rampage  .   (no gloves)
Will    .....                   i - +1 pair of boots
Stlth   ++........              (no amulet)
HPRegen 0.12/turn               (no ring)
MPRegen 0.13/turn               (no ring)

@: no status effects
A: sickness immunity, AC +4, negative energy resistance 1, electricity
resistance, torment resistance 1, petrification resistance
a: no special abilities


You were on level 5 of the Dungeon.
You visited 2 branches of the dungeon, and saw 6 of its levels.

You collected 154 gold pieces.

Inventory:

Hand Weapons
 c - a +0 club
 h - a +0 whip (weapon)
Missiles
 j - 162 stones
Armour
 a - a +0 robe
 d - a +0 ring mail
 i - a +1 pair of boots (worn)
 k - a +0 leather armour
 q - a +3 leather armour (worn)
Magical Staves
 m - a staff of earth
 n - a staff of death
Wands
 r - a wand of paralysis (11)
Scrolls
 b - a scroll of immolation {unknown}
 l - a scroll of magic mapping
Potions
 e - a potion of attraction
 f - a potion of lignification
 g - 2 potions of curing
 p - a potion of flight {unknown}
 s - 2 potions of degeneration {unknown}


   Skills:
 + Level 0.1 Fighting
 + Level 1.7 Armour
 + Level 1.8 Dodging
 - Level 2.1 Stealth
 * Level 4.5 Spellcasting
 * Level 3.5 Conjurations
 * Level 4.9 Fire Magic


You had 5 spell levels left.
You knew the following spells:

 Your Spells              Type           Power      Damage    Failure   Level
a - Foxfire               Conj/Fire      72%        2x1d7     3%          1
b - Scorch                Fire           40%        2d7       3%          2
c - Conjure Flame         Conj/Fire      18%        6-21      10%         3
d - Flame Wave            Conj/Fire      18%        2d6       32%         4

Your spell library contained the following spells:

 Spells                   Type           Power      Damage    Failure   Level
 Inner Flame              Hex/Fire       12%        N/A       21%         3


Dungeon Overview and Level Annotations

Branches:
Dungeon (5/15)             Temple (1/1) D:5

Altars:
Ashenzari
Cheibriados
Dithmenos
Elyvilon
Fedhas
Gozag
Kikubaaqudgha
Makhleb
Nemelex Xobeh
Ru
Sif Muna
Wu Jian
Yredelemnul
The Shining One
Ignis

Annotations:
D:4 2 transporters, anonymous's ghost, amateur DEFE


Innate Abilities, Weirdness & Mutations

You are immune to sickness and miasma.
Your stone body is resilient. (AC +4)
You are immune to poison.
You resist negative energy. (rN+)
You are resistant to electric shocks. (rElec)
You are resistant to unholy torment.
You are immune to petrification.


Message History

The killer bee barely misses you.
Casting: Foxfire (safe; 3% risk of failure)
Confirm with . or Enter, or press ? or * to list all spells.
You conjure some foxfire!
The foxfire hits the killer bee.
The killer bee is lightly wounded.
The foxfire hits the killer bee.
The killer bee is heavily wounded.
The killer bee barely misses you. The killer bee closely misses you.
The killer bee stings you. x2
The killer bee stings you but does no damage.
The killer bee misses you.
Casting: Foxfire (safe; 3% risk of failure)
Confirm with . or Enter, or press ? or * to list all spells.
You conjure some foxfire!
The foxfire hits the killer bee.
The killer bee is moderately wounded.
The killer bee stings you. x2
The killer bee stings you but does no damage.
The foxfire hits the killer bee.
The killer bee is severely wounded.
The killer bee barely misses you. The killer bee completely misses you.
The killer bee barely misses you.
Casting: Foxfire (safe; 3% risk of failure)
Confirm with . or Enter, or press ? or * to list all spells.
You conjure some foxfire!
The foxfire hits the killer bee.
You kill the killer bee!
The foxfire hits the killer bee.
The killer bee is lightly wounded.
The killer bee misses you. The killer bee closely misses you.
The killer bee stings you!
* * * LOW HITPOINT WARNING * * *
The killer bee stings you but does no damage.
Your Armour skill increases to level 1!
Casting: Foxfire (safe; 3% risk of failure)
Confirm with . or Enter, or press ? or * to list all spells.
You conjure some foxfire!
The foxfire hits the killer bee.
The killer bee is heavily wounded.
The killer bee stings you.
* * * LOW HITPOINT WARNING * * *
The killer bee stings you!
You die...

#...##############..
#.#...y...y.#...#..#
#.#########.#.#.#.<# #.#
##.......#..# #.#
#..##+##.#..# #.#
#..#...#.#..#
#.######..#.8.#.#..#
#.........#...#yvv.####
#########.##'##y@§....###
#.†.....v§......#
#.###.÷.#?.)###.#######
#.# ###.....# #.......#
#.# #.###.###.#####.#
#.#####(# #.....#####>###
#.......#####.####.......
#.#####..# #.# #.#####.
##.###.#.####.# #.# #.


You could see 2 killer bees.

Vanquished Creatures
  A phantom (D:4)
  A scorpion (D:4)
  2 killer bees (D:5)
  An orc priest (D:3)
  2 hounds
  Jessica (D:3)
  6 adders
  A shadow imp (D:5)
  A white imp (D:5)
  A worm (D:3)
  9 orcs
  8 ball pythons
  2 endoplasms (D:3)
  4 goblins
  8 hobgoblins
  3 jackals (D:4)
  2 kobolds
  A quokka (D:1)
  5 bats
  3 frilled lizards
  5 rats
67 creatures vanquished.

Vanquished Creatures (others)
  202 foxfires
202 creatures vanquished.

Grand Total: 269 creatures vanquished

Notes
Turn   | Place    | Note
-------+----------+-------------------------------------------
     0 | D:1      | funkygono the Gargoyle Fire Elementalist began the quest
                  | for the Orb.
     0 | D:1      | Reached XP level 1. HP: 10/10 MP: 3/3
   195 | D:1      | Reached XP level 2. HP: 15/15 MP: 1/5
   198 | D:1      | Learned a level 2 spell: Scorch
  1171 | D:2      | Found a faded altar of an unknown god.
  1256 | D:2      | Reached XP level 3. HP: 19/19 MP: 1/6
  1260 | D:2      | Learned a level 3 spell: Conjure Flame
  1969 | D:3      | Reached XP level 4. HP: 24/24 MP: 0/8
  2491 | D:3      | Reached XP level 5. HP: 28/28 MP: 2/9
  2604 | D:3      | Learned a level 4 spell: Flame Wave
  2844 | D:3      | Noticed Jessica
  2855 | D:3      | Killed Jessica
  2944 | D:3      | Found a shimmering blue altar of Sif Muna.
  3003 | D:3      | Found a burning altar of Makhleb.
  3335 | D:4      | Noticed an ogre
  3472 | D:4      | Reached XP level 6. HP: 26/32 MP: 4/11
  3572 | D:4      | Found a transporter.
  3814 | D:4      | Noticed anonymous's ghost (amateur DEFE)
  3814 | D:4      | Identified the +2 great mace of Deflation {drain, Int+2
                  | SInv}
  3822 | D:4      | Found a transporter.
  4207 | D:5      | Entered Level 5 of the Dungeon
  4320 | D:5      | Found a staircase to the Ecumenical Temple.
  4331 | Temple   | Entered the Ecumenical Temple
  4631 | D:5      | Reached XP level 7. HP: 24/36 MP: 11/13
  4638 | D:5      | Reached skill level 1 in Armour
  4638 | D:5      | HP: 1/36 [killer bee (2)]
  4638 | D:5      | Mangled by a killer bee

Illustrated notes

Levels and vault maps discovered:
D:1:      mrwooster_arrival_statue_2, layout_loops_cross
D:2:      layout_loops_cross, shapermc_ecumenical_altar_ellora
D:3:      layout_rooms, tgw_sif, lightli_temple_of_fire, grunt_ministairs_3
D:4:      layout_cave_pods, gammafunk_ghost_smash, bh_walls_and_bars
D:5:      layout_loops_ring, minmay_temple_entry_glassed_door,
          gammafunk_ghost_grave, minmay_misc_feat_room
Temple:   pdpol_scorched_temple

Skill      XL: |  1  2  3  4  5  6  7 |
---------------+----------------------+-----
Conjurations   | 2 3 |  3.5
Spellcasting   | 3 4 |  4.5
Fire Magic     | 4 |  4.9
Armour         | 1 |  1.7
Fighting       | |  0.1
Dodging        | |  1.8
Stealth        | |  2.1

Action                   |  1- 3 |  4- 6 |  7- 9 || total
-------------------------+-------+-------+-------++-------
Melee: Whip              |     6 |     3 |       ||     9
 Cast: Foxfire           |    36 |    78 |     7 ||   121
       Scorch            |     7 |    13 |       ||    20
  Use: Scroll            |     4 |     5 |       ||     9
Armor: Robe              |     5 |     6 |       ||    11
       Leather armour    |       |    17 |     9 ||    26
Dodge: Dodged            |    13 |    19 |    19 ||    51
